 Dungeon Crawl Stone Soup version 0.28-a0-1567-g1695149f81 (webtiles) character file.

Game seed: 18375571339368863822

73 comborobin the Ruffian (level 4, -6/33 HPs)
             Began as an Octopode Cinder Acolyte on Jan 20, 2022.
             Was a High Priest of Ignis.
             Mangled by a wyvern zombie (13 damage)
             ... on level 6 of the Dungeon.
             The game lasted 00:01:17 (1847 turns).

comborobin the Ruffian (Octopode Cinder Acolyte)    Turns: 1847, Time: 00:01:17

Health: -6/33      AC:  1    Str: 13    XL:     4   Next: 27%
Magic:  6/6        EV: 12    Int: 16    God:    Ignis [*****.]
Gold:   60         SH:  0    Dex:  9    Spells: 5/5 levels left

rFire   + . .      SeeInvis .     - Unarmed
rCold   . . .      Faith    .   (no shield)
rNeg    . . .      Spirit   .   (helmet restricted)
rPois   .          Reflect  .   (no amulet)
rElec   .          Harm     .   (no ring)
rCorr   .          Rampage  .   (no ring)
Will    .....                   (no ring)
Stlth   ++........              (no ring)
HPRegen 0.11/turn               (no ring)
MPRegen 0.10/turn               (no ring)
                                (no ring)
                                (no ring)

@: no status effects
A: almost no armour, amphibious, 8 rings, camouflage 1, gelatinous body 1,
(nimble swimmer 1), tentacles
a: Renounce Religion, Fiery Armour, Foxfire Swarm, Rising Flame


You were on level 6 of the Dungeon.
You worshipped Ignis.
Ignis was extremely pleased with you.
You visited 1 branch of the dungeon, and saw 5 of its levels.

You collected 60 gold pieces.

Inventory:

Missiles
 c - 6 javelins (quivered)
Scrolls
 a - a scroll of noise {unknown}
Potions
 b - a potion of heal wounds {unknown}
 d - a potion of curing {unknown}
 e - a potion of berserk rage {unknown}


   Skills:
 + Level 3.6 Fighting
 + Level 1.3 Dodging
 + Level 3.6 Unarmed Combat
 - Level 1.4 Spellcasting
 - Level 3.2 Fire Magic


You had 5 spell levels left.
You didn't know any spells.
Your spell library contained the following spells:

 Spells                   Type           Power      Damage    Failure   Level
 Scorch                   Fire           22%        2d6       9%          2


Dungeon Overview and Level Annotations

Branches:
Dungeon (6/15)
 Temple: D:4-7

Altars:


Innate Abilities, Weirdness & Mutations

You cannot wear most types of armour.
You are amphibious.
You can wear up to eight rings at the same time.
Your skin changes colour to match your surroundings (Stealth+).
Your rubbery body absorbs attacks. (AC +1, EV +1)
((You are camouflaged when in or above water. (Stealth+)))
You have tentacles for arms and can constrict up to eight enemies at once.


Message History

You see here a howler monkey corpse.
You close the door.
You start resting.
HP restored.
You open the door.
There is an open door here.
A wyvern zombie comes into view.
The wyvern zombie moves out of view.
Found 3 poisoned darts.
Key pressed, stopping explore.
Unknown command.
You open the door.
A wyvern zombie is nearby!
What are your orders? t - Shout!
Orders for allies: a - Attack new target. r - Retreat! s - Stop attacking. g - Guard the area. f - Follow me.
Anything else - Cancel.
You shout for attention!
You tentacle-slap the wyvern zombie but do no damage.
You squeeze the wyvern zombie.
The wyvern zombie is lightly damaged.
The wyvern zombie misses you.
You completely miss the wyvern zombie. Your squeeze misses the wyvern zombie.
The wyvern zombie is lightly damaged.
The wyvern zombie bites you.
You bludgeon the wyvern zombie!
The wyvern zombie is lightly damaged.
The wyvern zombie bites you!
You tentacle-slap the wyvern zombie but do no damage.
The wyvern zombie is lightly damaged.
The wyvern zombie bites you!
* * * LOW HITPOINT WARNING * * *
The wyvern zombie barely misses you.
You tentacle-slap the wyvern zombie.
You squeeze the wyvern zombie, but do no damage.
The wyvern zombie is moderately damaged.
The wyvern zombie bites you!
You die...

##### #.###..^# #
#...'...+ .#.
##########...#.(..
#.................
#.###########.....
#.# ..... #Z#
..Z.. #@# .....
#.# ..... #.#
..... #.# .....
#.# #.# #.# #.#
#.#


You could see a wyvern zombie.

Vanquished Creatures
  A howler monkey (D:6)
  2 worms
  4 ball pythons
  2 endoplasms
  3 hobgoblins
  A jackal (D:6)
  3 quokkas
  2 bats (D:2)
  2 frilled lizards
  4 goblins
  2 kobolds (D:2)
  3 rats
29 creatures vanquished.

Notes
Turn   | Place    | Note
-------+----------+-------------------------------------------
     0 | D:1      | comborobin the Octopode Cinder Acolyte began the quest for
                  | the Orb.
     0 | D:1      | Reached XP level 1. HP: 16/16 MP: 2/2
   297 | D:1      | Reached XP level 2. HP: 18/21 MP: 3/3
   591 | D:2      | Found a faded altar of an unknown god.
  1323 | D:2      | Reached XP level 3. HP: 21/26 MP: 5/5
  1407 | D:2      | You fall into a shaft and drop 1 floor!
  1552 | D:3      | You fall into a shaft and drop 2 floors!
  1552 | D:5      | Entered Level 5 of the Dungeon
  1552 | D:5      | Noticed a sky beast
  1711 | D:6      | Reached skill level 1 in Dodging
  1711 | D:6      | Reached XP level 4. HP: 26/33 MP: 6/6
  1847 | D:6      | Mangled by a wyvern zombie

Illustrated notes

Levels and vault maps discovered:
D:1:      psy_arrival_dodecagon, layout_basic
D:2:      layout_loops_cross, shapermc_ecumenical_altar_notcrosses
D:3:      layout_loops_ring, zin_angel, uniq_natasha
D:5:      layout_rooms, st_stairs_11, uniq_blork_the_orc
D:6:      layout_basic, serial_shops, shop

Skill      XL: |  1  2  3 |
---------------+----------+-----
Dodging        | 1 |  1.3
Fighting       | |  3.6
Unarmed Combat | |  3.6
Spellcasting   | |  1.4
Fire Magic     | |  3.2

Action                   |  1- 3 |  4- 6 || total
-------------------------+-------+-------++-------
Melee: Unarmed           |    77 |     5 ||    82
       Constrict         |    19 |       ||    19
       Tentacles         |    11 |     2 ||    13
 Stab: Sleeping          |     5 |       ||     5
Armor: Skin              |     8 |       ||     8
Dodge: Dodged            |    43 |     2 ||    45

Table legend: (Time is in decaauts)
 A = Elapsed time spent in this place.
 B = Non-inter-level travel time spent in this place.
 C = Inter-level travel time spent in this place.
 D = Time resting spent in this place.
 E = Time spent auto-exploring this place.
 F = Levels seen in this place.
 G = Mean time per level.
                   A        B        C        D        E       F      G
               +--------+--------+--------+--------+--------+-----+--------+
         Total |   1841 |   1836 |      5 |    725 |    855 |   5 |  368.2 |
       Dungeon |   1841 |   1836 |      5 |    725 |    855 |   5 |  368.2 |
               +--------+--------+--------+--------+--------+-----+--------+

Top non-repeatable levels by time:
     D:2: 930 daAuts
     D:1: 472 daAuts
     D:6: 278 daAuts
     D:3: 144 daAuts
     D:5: 15 daAuts
